 Dungeon Crawl Stone Soup version 0.18.1-1-g2f07953 (webtiles) character file.

3640 unimpressed the Geomancer (level 10, -4/50 HPs)
             Began as a Gargoyle Earth Elementalist on May 22, 2016.
             Was a Believer of Vehumet.
             Slain by a shadow (28 damage)
             ... on level 8 of the Dungeon.
             The game lasted 00:37:14 (12959 turns).

unimpressed the Geomancer (GrEE)                   Turns: 12959, Time: 00:37:14

Health: -4/50      AC: 15    Str: 12    XL:     10   Next: 12%
Magic:  12/15      EV: 14    Int: 19    God:    Vehumet [**....]
Gold:   398        SH:  0    Dex: 10    Spells: 6 memorised, 0 levels left

rFire  + + .     SeeInvis .     G - +2 quarterstaff of Premature Burial {pain, *Confuse +Blink rF+}
rCold  . . .     Gourm    .     y - +1 leather armour {rN+}
rNeg   + + .     Faith    .     (shield currently unavailable)
rPois  ∞         Spirit   .     F - +1 helmet
rElec  +         Dismiss  .     s - +1 cloak
rCorr  .         Reflect  .     (no gloves)
SustAt .         Harm     .     (no boots)
MR     .....                    (no amulet)
Stlth  ++........               C - +3 ring of evasion
                                J - ring of protection from fire

@: not resistant to hostile enchantments, unstealthy
A: negative energy resistance 1, electricity resistance, unbreathing,
petrification resistance, rot immunity, AC +7
a: Renounce Religion, Evoke Blink


You were on level 8 of the Dungeon.
You worshipped Vehumet.
Vehumet was pleased with you.
You were not hungry.

You visited 2 branches of the dungeon, and saw 9 of its levels.
You also visited: Ossuary.

You collected 398 gold pieces.

Inventory:

Hand Weapons
 a - a +0 whip of venom
 r - a +3 quarterstaff of chaos
 t - a +0 blowgun
 v - a +1 dagger of venom
 G - the +2 quarterstaff of Premature Burial (weapon) {pain, *Confuse +Blink rF+}
   (You found it on level 5 of the Dungeon)

   In the hands of one skilled in necromantic magic, it inflicts extra damage on
   living creatures.
   It protects you from fire.
   It lets you blink.
   It may confuse you when you take damage.
Missiles
 b - 233 stones
 l - 3 javelins (quivered)
 u - 17 poisoned needles
Armour
 s - a +1 cloak (worn)
 y - a +1 leather armour of positive energy (worn)
 F - a +1 helmet (worn)
Jewellery
 p - an uncursed ring of sustain attributes
 C - a +3 ring of evasion (right hand)
 J - a ring of protection from fire (left hand)
 L - an uncursed ring of fire
Wands
 K - a wand of paralysis (8/24)
Scrolls
 e - 3 scrolls of enchant armour
 f - a scroll of amnesia
 g - 2 scrolls of teleportation
 n - 3 scrolls of enchant weapon
 o - a scroll of magic mapping
 q - a scroll of remove curse
 D - 2 scrolls of identify
 H - a scroll of immolation {unknown}
 I - 3 scrolls of noise {unknown}
 O - a scroll of vulnerability {unknown}
 Q - a scroll of fog {unknown}
Potions
 h - 4 potions of heal wounds {unknown}
 i - 3 potions of flight
 j - 3 potions of might
 k - a potion of agility {unknown}
 m - a potion of brilliance {unknown}
 x - a potion of resistance {unknown}
 z - 2 potions of magic {unknown}
 A - a potion of cancellation {unknown}
 E - a potion of cure mutation {unknown}
 N - 2 potions of curing {unknown}
Books
 c - a book of Geomancy

   Spells                             Type                      Level
   a - Sandblast                      Earth                        1
   b - Passwall                       Transmutation/Earth          2
   c - Stone Arrow                    Conjuration/Earth            3
   d - Petrify                        Transmutation/Earth          4
   e - Lee's Rapid Deconstruction     Earth                        5
 P - a book of Death

   Spells                             Type                      Level
   a - Corpse Rot                     Necromancy                   2
   b - Sublimation of Blood           Necromancy                   2
   c - Agony                          Necromancy                   5
   d - Dispel Undead                  Necromancy                   5
   e - Excruciating Wounds            Charms/Necromancy            5
   f - Bolt of Draining               Conjuration/Necromancy       5
Comestibles
 d - 8 bread rations
 w - 2 beef jerkies


   Skills:
 - Level 6.3 Staves
 - Level 1.5 Dodging
 - Level 2.1 Stealth
 - Level 3.6 Spellcasting
 + Level 9.0 Conjurations
 + Level 0.0 Necromancy
 - Level 0.7 Transmutations
 + Level 11.1 Earth Magic


You couldn't memorise any spells.
You knew the following spells:

 Your Spells              Type           Power        Failure   Level  Hunger
a - Sandblast             Erth           #####.       1%          1    None
b - Stone Arrow           Conj/Erth      #####.       1%          3    ###....
c - Lee's Rapid Deconstr  Erth           #####.....   6%          5    ######.
d - Petrify               Trmt/Erth      ####....     17%         4    ####...
e - Sting                 Conj/Pois      ###.         3%          1    None
f - Corpse Rot            Necr           N/A          34%         2    ##.....


Dungeon Overview and Level Annotations

Branches:
Dungeon (8/15)             Temple (1/1) D:5
   Lair: D:8-11

Altars:
Ashenzari
Cheibriados
Dithmenos
Elyvilon
Fedhas
Gozag
Kikubaaqudgha
Makhleb
Nemelex Xobeh
Okawaru
Pakellas
Qazlal
Ru
Sif Muna
Trog
Vehumet
Xom
Yredelemnul
Zin
The Shining One

Shops:
D:8 %(


Innate Abilities, Weirdness & Mutations

You are resistant to torment.
Your stone body is resilient (AC +7).
You are immune to poison.
You resist negative energy.
You are resistant to electric shocks.
You can survive without breathing.
You are immune to petrification.
You are immune to rotting.


Message History

You barely miss the shadow. The shadow hits you.
* * * LOW HITPOINT WARNING * * *
Casting: Sandblast
Confirm with . or Enter, or press ? or * to list all spells.
Aiming: Stone Arrow
Press: ? - help, Shift-Dir - straight line, f - shadow
Aim: a shadow The stone arrow hits the shadow.
The shadow is heavily damaged.
The shadow slips into darkness.
The shadow flickers and vanishes!
Deactivating autopickup; reactivate with Ctrl-A.
Casting: Stone Arrow
Confirm with . or Enter, or press ? or * to list all spells.
You can't see any susceptible monsters within range! (Use Z to cast anyway.) Unknown command.
You hit something.
The shadow strikes at you from the darkness!
Ouch! That really hurt!
You die...

#.#............. #####
#.###.#...###### ##...# #.#
#.##.## .....# #.# #.##.#
##...# ####.###.##.# ##...##
#...........# #.....##
#.###########
.......########.############
..............#.@{.........#
.......##.......######..##.#
#.....###.###......# ##.####
#..).## #.# ###.#### #8.8#
#.#.## #.# #..## ##'## ....#
#.# #### #.# ...## #.# #.#
...# #.# ... ...# ### ...


There were no monsters in sight!

Vanquished Creatures
  Sigmund (D:6)
  Duvessa (D:6)
  2 ice beasts
  2 sky beasts
  An orc warrior (D:8)
  2 black bears (D:7)
  An eye of draining (D:8)
  A necrophage (D:8)
  7 ogres
  2 centaurs
  Blork the orc (D:5)
  5 giant frogs
  Dowan (D:6)
  A scorpion (D:4)
  2 water moccasin skeletons (D:6)
  A howler monkey (D:5)
  3 crimson imps
  3 centaur zombies (Ossuary)
  A human zombie (Ossuary)
  2 hounds
  2 jellies
  A quasit (D:8)
  2 orc wizards (D:4)
  Crazy Yiuf (D:2)
  Ijyb (D:1)
  Terence (D:2)
  3 iguanas
  Natasha (D:2)
  9 worker ants
  A big kobold zombie (Ossuary)
  A hound zombie (D:7)
  2 mummies (Ossuary)
  A howler monkey zombie (D:5)
  A howler monkey skeleton (D:3)
  15 adders
  2 oozes
  An adder zombie (D:7)
  4 adder skeletons
  4 worms
  5 dart slugs
  6 giant geckos
  12 orcs
  A ball python (D:1)
  9 bats
  8 giant cockroaches
  7 goblins
  4 hobgoblins
  14 jackals
  3 quokkas
  A ball python zombie (D:3)
  A giant cockroach zombie (D:3)
  2 giant gecko skeletons
  6 giant newts
  8 hobgoblin zombies (Ossuary)
  3 jackal zombies (Ossuary)
  14 kobolds
  10 kobold zombies (Ossuary)
  9 orc zombies (Ossuary)
  3 quokka skeletons
  11 rats
  2 rat zombies (Ossuary)
232 creatures vanquished.

Notes
Turn   | Place    | Note
--------------------------------------------------------------
     0 | D:1      | unimpressed the Gargoyle Earth Elementalist began the quest for the Orb.
     0 | D:1      | Reached XP level 1. HP: 10/10 MP: 3/3
   209 | D:1      | Reached skill level 4 in Earth Magic
   366 | D:1      | Reached XP level 2. HP: 15/15 MP: 3/5
  1205 | D:1      | Reached XP level 3. HP: 19/19 MP: 4/6
  1236 | D:1      | Reached skill level 5 in Earth Magic
  1260 | D:1      | Learned a level 3 spell: Stone Arrow
  1622 | D:2      | Reached skill level 1 in Conjurations
  2192 | D:2      | Reached XP level 4. HP: 24/24 MP: 5/7
  2487 | D:2      | Noticed Natasha
  2763 | D:2      | Found a shimmering altar of Xom.
  2763 | D:2      | Found a white marble altar of Elyvilon.
  2859 | D:2      | Noticed Ijyb
  3064 | D:1      | Killed Ijyb
  3306 | D:2      | Reached XP level 5. HP: 9/28 MP: 5/8
  3581 | D:2      | Killed Natasha
  3581 | D:2      | Reached skill level 6 in Earth Magic
  3929 | D:2      | Noticed Terence
  3948 | D:2      | Killed Terence
  4216 | D:2      | Noticed Crazy Yiuf
  4220 | D:2      | Killed Crazy Yiuf
  4220 | D:2      | Reached XP level 6. HP: 32/32 MP: 6/9
  4574 | D:3      | Found a shattered altar of Ashenzari.
  5337 | D:3      | Found a bloodstained altar of Trog.
  5548 | D:3      | Learned a level 5 spell: Lee's Rapid Deconstruction
  5623 | D:3      | Found an opulent altar of Gozag.
  5623 | D:3      | Found a sparkling altar of Nemelex Xobeh.
  6015 | D:3      | Reached skill level 7 in Earth Magic
  6748 | D:4      | Reached XP level 7. HP: 36/36 MP: 5/10
  7277 | D:5      | Entered Level 5 of the Dungeon
  7343 | D:5      | Reached skill level 5 in Conjurations
  7673 | D:5      | Noticed Blork the orc
  7682 | D:5      | Killed Blork the orc
  7682 | D:5      | Reached skill level 8 in Earth Magic
  7830 | D:5      | Reached XP level 8. HP: 41/41 MP: 9/13
  7913 | D:5      | Got a steaming quarterstaff
  7914 | D:5      | Identified the cursed +2 quarterstaff of Premature Burial {pain, *Confuse +Blink rF+} (You found it on level 5 of the Dungeon)
  8056 | D:5      | Found a staircase to the Ecumenical Temple.
  8067 | Temple   | Entered the Ecumenical Temple
  8131 | Temple   | Became a worshipper of Vehumet
  8392 | D:6      | Reached skill level 1 in Staves
  8657 | D:6      | Reached skill level 9 in Earth Magic
  8760 | D:6      | Noticed Duvessa
  8762 | D:6      | Noticed Dowan
  8770 | D:6      | Killed Duvessa
  8851 | D:6      | Killed Dowan
  8867 | D:6      | Found a deep blue altar of Sif Muna.
  9097 | D:6      | Reached XP level 9. HP: 45/45 MP: 2/14
  9702 | D:6      | Found a burning altar of Makhleb.
  9819 | D:6      | Noticed Sigmund
  9826 | D:6      | Killed Sigmund
  9826 | D:6      | Reached skill level 10 in Earth Magic
 10343 | D:7      | Reached * piety under Vehumet
 10343 | D:7      | Offered knowledge of Sting by Vehumet.
 10362 | D:7      | Learned a level 4 spell: Petrify
 10368 | D:7      | Learned a level 1 spell: Sting
 10600 | D:7      | Reached skill level 5 in Staves
 11060 | D:8      | Found Emuamm's Weapon Shop.
 11450 | D:8      | Found a sand-covered staircase.
 11472 | Ossuary  | Entered an ossuary
 11801 | Ossuary  | Reached ** piety under Vehumet
 11949 | Ossuary  | Offered knowledge of Throw Frost by Vehumet.
 12322 | D:8      | Found Wyczowao's Food Shop.
 12424 | D:8      | Reached XP level 10. HP: 50/50 MP: 6/15
 12568 | D:8      | Reached skill level 11 in Earth Magic
 12933 | D:8      | Learned a level 2 spell: Corpse Rot
 12959 | D:8      | Slain by a shadow

Skill      XL: |  1  2  3  4  5  6  7  8  9 10 |
---------------+-------------------------------+-----
Earth Magic    | 4 5 6 7 8 9 10 11 | 11.1
Conjurations   | 1 2 3 4 5 7 8 9 |  9.0
Spellcasting   | 3 |  3.6
Staves         | 3 5 6 |  6.3
Dodging        | |  1.5
Stealth        | |  2.1
Transmutations | |  0.7

Action                   |  1- 3 |  4- 6 |  7- 9 | 10-12 || total
-------------------------+-------+-------+-------+-------++-------
Melee: Club              |    19 |    46 |       |       ||    65
       Whip              |       |    74 |    28 |       ||   102
       Quarterstaff      |       |       |   239 |     8 ||   247
Throw: Javelin           |       |     8 |     2 |     3 ||    13
 Cast: Sandblast         |    69 |   154 |   206 |    11 ||   440
       Stone Arrow       |       |     7 |    28 |    11 ||    46
       Lee's Rapid Decon |       |       |     8 |     1 ||     9
Evoke: Wand              |       |       |     1 |       ||     1
  Use: Scroll            |       |     6 |     4 |       ||    10
 Stab: Paralysed         |       |       |     8 |       ||     8
       Sleeping          |       |       |     1 |       ||     1
  Eat: Chunk             |     5 |    13 |    17 |       ||    35
       Meat ration       |       |     1 |     1 |       ||     2
       Royal jelly       |       |       |     2 |       ||     2
       Fruit             |       |       |     1 |       ||     1
Armor: Robe              |    25 |    95 |       |       ||   120
       Leather armour    |       |     6 |   198 |     8 ||   212
Dodge: Dodged            |    38 |   173 |   308 |    20 ||   539
